 Dungeon Crawl Stone Soup version 0.29-a0-243-g602b31c20e (webtiles) character file.

Game seed: 7219891822092603498

7 spaghetti the Ducker (level 1, -1/13 HPs)
             Began as a Deep Elf Chaos Knight on Mar 5, 2022.
             Was a Plaything of Xom.
             Frozen to death by an endoplasm (5 damage)
             ... on level 1 of the Dungeon.
             The game lasted 00:00:54 (379 turns).

spaghetti the Ducker (Deep Elf Chaos Knight)         Turns: 379, Time: 00:00:54

Health: -1/13      AC:  5    Str:  8 (9)  XL:     1   Next: 91%
Magic:  3/3        EV: 11    Int: 16      God:    Xom [*.....]
Gold:   0          SH:  0    Dex: 10      Spells: 0/0 levels left

rFire   . . .      SeeInvis .   e - +0 quarterstaff {staff}
rCold   . . .      Faith    .   (shield currently unavailable)
rNeg    . . .      Spirit   .   a - +2 leather armour
rPois   .          Reflect  .   (no helmet)
rElec   .          Harm     .   (no cloak)
rCorr   .          Rampage  .   (no gloves)
Will    .....                   (no boots)
Stlth   +.........              (no amulet)
HPRegen 0.04/turn               (no ring)
MPRegen 0.08/turn               (no ring)

@: no status effects
A: clumsy 2, deterioration 1
a: Renounce Religion


You were on level 1 of the Dungeon.
You worshipped Xom.
You were a special plaything of Xom.
You visited 1 branch of the dungeon, and saw 1 of its levels.


Innate Abilities, Weirdness & Mutations

You are very clumsy. (Dex -4)
Your body sometimes deteriorates upon taking damage.


   Skills:
 - Level 2.4 Fighting
 + Level 0.8 Throwing
 - Level 0.7 Armour
 - Level 3.0 Dodging
 - Level 2.4 Unarmed Combat


You couldn't memorise any spells.
You didn't know any spells.
Your spell library was empty.

Inventory:

Hand Weapons
 d - a +0 whip {mace}
   (You took it off a kobold on level 1 of the Dungeon)
 e - a +0 quarterstaff (weapon) {staff}
   (You found it on level 1 of the Dungeon)
Missiles
 c - 12 stones (quivered) {throwing}
Armour
 a - a +2 leather armour (worn)
 b - a +0 pair of gloves
   (You found it on level 1 of the Dungeon)

Dungeon Overview and Level Annotations

Branches:
Dungeon (1/15)

Altars:

Shops:
D:1

[
#.#.#.#<#.#.###.........
#.#.#.###.#.#^#...>.....
#.#.##...##.#.#......###
#.##.#####.##.#.....##
##.##.....##.##รท....#.
##.#######.#'........#
##.......##...........
#..#########.......#####
#......@S........###
.......#J.....####
.....#............
.........#########
.....##### ...## .


You could see an endoplasm and a ball python.


Message History

An endoplasm is nearby!
An endoplasm is nearby!
An endoplasm is nearby!
You throw a stone {throwing}.
The stone {throwing} hits the endoplasm but does no damage.
You throw a stone {throwing}.
The stone {throwing} hits the endoplasm.
You throw a stone {throwing}.
The stone {throwing} hits the endoplasm but does no damage.
You throw a stone {throwing}.
The stone {throwing} hits the endoplasm but does no damage.
You throw a stone {throwing}.
The stone {throwing} hits the endoplasm.
You hit the endoplasm. The endoplasm closely misses you.
You hit the endoplasm.
You kill the endoplasm!
Found Remewk's Antique Armour Boutique.
c - 4 stones {throwing} (gained 1)
c - 6 stones {throwing} (gained 2)
c - 7 stones {throwing} (gained 1)
c - 8 stones {throwing} (gained 1)
c - 13 stones {throwing} (gained 5)
You see here a kobold skeleton.
There is a stone staircase leading down here.
c - 14 stones {throwing} (gained 1)
c - 16 stones {throwing} (gained 2) Key pressed, stopping explore.
A giant cockroach comes into view.
You see here a stone {throwing}.
A giant cockroach is nearby!
You throw a stone {throwing}.
The stone {throwing} closely misses the giant cockroach.
You throw a stone {throwing}.
The stone {throwing} closely misses the giant cockroach.
You throw a stone {throwing}.
The stone {throwing} hits the giant cockroach but does no damage.
You throw a stone {throwing}.
The stone {throwing} barely misses the giant cockroach.
You barely miss the giant cockroach. The giant cockroach closely misses you.
You barely miss the giant cockroach.
The giant cockroach bites you. ๐Ÿ˜• HP[-1]
You take 1 damage, and now have 12/13 hp.
You hit the giant cockroach.
The giant cockroach bites you but does no damage. ๐Ÿ˜Ž HP[+1]
Your hp is fully restored (13).
You hit the giant cockroach.
The giant cockroach bites you but does no damage.
You hit the giant cockroach but do no damage.
The giant cockroach bites you but does no damage.
You closely miss the giant cockroach.
The giant cockroach waves its antennae.
The giant cockroach closely misses you.
The giant cockroach bites you but does no damage.
You barely miss the giant cockroach.
The giant cockroach bites you. ๐Ÿ˜• HP[-1]
You take 1 damage, and now have 12/13 hp.
You hit the giant cockroach.
You kill the giant cockroach!
An endoplasm comes into view.
A ball python comes into view.
The ball python hisses angrily.
Things that are here:
a +0 quarterstaff {staff}; 13 gold pieces
e - a +0 quarterstaff {staff}
e - a +0 quarterstaff (weapon)
{staff} The endoplasm closely misses you.
You hit the endoplasm but do no damage.
The endoplasm hits you but does no damage.
The ball python bites you.
Your body deteriorates!
You feel weakened. The ball python grabs you.
The ball python constricts you. ๐Ÿ˜ฎ HP[-3]
You take 3 damage, and now have 9/13 hp.
MASSIVE DAMAGE!! (PAUSE)
You hit the endoplasm. The ball python bites you.
* * * LOW HITPOINT WARNING * * *
The ball python constricts you.
The endoplasm hits you but does no damage.
The ball python bites you.
* * * LOW HITPOINT WARNING * * *
The ball python constricts you.
* * * LOW HITPOINT WARNING * * *
You emit a cloud of colourful smoke! ๐Ÿ˜ฑ HP[-6]
You take 6 damage, and now have 3/13 hp.
MASSIVE DAMAGE!! (PAUSE) Unknown command.
You aren't carrying any potions.
You escape the ball python's grasp.
The endoplasm completely misses you.
The ball python bites you but does no damage.
The ball python closely misses you.
You see here a kobold skeleton. ๐Ÿ˜จ HP[+1]
The ball python closely misses you. x2
The endoplasm freezes you.
You are frozen.
You die...

Skill      XL: |  1 |
---------------+----+-----
Dodging        | 3 |  3.0
Fighting       | |  2.4
Throwing       | |  0.8
Armour         | |  0.7
Unarmed Combat | |  2.4

Action                   || total
-------------------------++-------
Melee: Unarmed           ||    22
       Quarterstaff      ||     2
Throw: Stone             ||    20
Armor: Leather armour    ||    11
Dodge: Dodged            ||     9

Levels and vault maps discovered:
D:1:      evilmike_arrival_rings, layout_rooms, serial_shops, shop

Notes
Turn   | Place    | Note
-------+----------+-------------------------------------------
     0 | D:1      | spaghetti the Deep Elf Chaos Knight began the quest for the
                  | Orb.
     0 | D:1      | Reached XP level 1. HP: 13/13 MP: 3/3
     0 | D:1      | magus.rc [v1.9.6]
   128 | D:1      | XOM: cloud trail
   202 | D:1      | XOM: silly message
   213 | D:1      | Reached skill level 3 in Dodging
   297 | D:1      | XOM: give mutations
   297 | D:1      | Gained mutation: You are clumsy. (Dex -2) [Xom's mischief]
   297 | D:1      | Gained mutation: Your body sometimes deteriorates upon
                  | taking damage. [Xom's mischief]
   297 | D:1      | Gained mutation: You are very clumsy. (Dex -4) [Xom's
                  | mischief]
   313 | D:1      | Found Remewk's Antique Armour Boutique.
   361 | D:1      | HP: 3/13 [constriction (1)]
   361 | D:1      | XOM: smoke on damage
   379 | D:1      | Frozen to death by an endoplasm

Vanquished Creatures
  A dart slug (D:1)
  2 endoplasms (D:1)
  A giant cockroach (D:1)
  A kobold (D:1)
5 creatures vanquished.

Table legend:
 A = Non-vault XP
 B = Vault XP
 C = Vault XP percentage of total XP
 D = Non-vault monster count
 E = Vault monster count
 F = Vault count percentage of total count
                 A         B        C        D         E       F
            +---------+---------+-------+---------+---------+-------
      Total |      11 |       0 |   0.0 |       5 |       0 |   0.0
            +---------+---------+-------+---------+---------+-------
        D:1 |      11 |       0 |   0.0 |       5 |       0 |   0.0
            +---------+---------+-------+---------+---------+-------

Illustrated notes

Table legend:
 A = Kills in this place as a percentage of kills in entire the game.
 B = Kills by you in this place as a percentage of kills by you in the entire game.
 C = Kills by friends in this place as a percentage of kills by friends in the entire game.
 D = Other kills in this place as a percentage of other kills in the entire game.
 E = Experience gained in this place as a percentage of experience gained in the entire game.
 F = Experience gained in this place divided by the number of levels of this place that you have seen.
                   A       B       C       D       E      F
               +-------+-------+-------+-------+-------+----------------------
         Total | 100.0 | 100.0 |   N/A |   N/A | 100.0 |  11.0
       Dungeon | 100.0 | 100.0 |   N/A |   N/A | 100.0 |  11.0
               +-------+-------+-------+-------+-------+----------------------

Table legend: (Time is in decaauts)
 A = Elapsed time spent in this place.
 B = Non-inter-level travel time spent in this place.
 C = Inter-level travel time spent in this place.
 D = Time resting spent in this place.
 E = Time spent auto-exploring this place.
 F = Levels seen in this place.
 G = Mean time per level.
                   A        B        C        D        E       F      G
               +--------+--------+--------+--------+--------+-----+--------+
         Total |    379 |    379 |      0 |      0 |    294 |   1 |  379.0 |
       Dungeon |    379 |    379 |      0 |      0 |    294 |   1 |  379.0 |
               +--------+--------+--------+--------+--------+-----+--------+

Top non-repeatable levels by time:
     D:1: 379 daAuts
